 Dungeon Crawl Stone Soup version 0.29-a0-91-gdebf4667c2 (webtiles) character file.

Game seed: 18360824093979613449

858 siradein the Digger (level 7, -1/59 HPs)
             Began as a Troll Earth Elementalist on Feb 7, 2022.
             Slain by an orc warrior (11 damage)
             ... on level 6 of the Dungeon.
             The game lasted 00:09:14 (4269 turns).

siradein the Digger (Troll Earth Elementalist)      Turns: 4269, Time: 00:09:14

Health: -1/59      AC:  4    Str: 20    XL:     7   Next: 71%
Magic:  7/10       EV: 11    Int: 13    God:
Gold:   334        SH:  0    Dex: 13    Spells: 6/12 levels left

rFire   + . .      SeeInvis .   p - +5 falchion "Itusaf" {vorpal, rElec Will++ Str+3 Dex+3}
rCold   + . .      Faith    .   (no shield)
rNeg    . . .      Spirit   .   k - +0 robe {rF+}
rPois   .          Reflect  .   (helmet restricted)
rElec   +          Harm     .   (no cloak)
rCorr   +          Rampage  .   (gloves unavailable)
Will    ++...      Rage     1%  (boots unavailable)
Stlth   ++........ Rnd*Tele +   (no amulet)
HPRegen 0.99/turn               a - ring of resist corrosion
MPRegen 0.12/turn               g - ring of protection from cold

@: no status effects
A: large, unfitting armour, claws 3, regeneration 1, shaggy fur 1, tough skin 1,
berserk 1, teleportitis 1
a: no special abilities


You were on level 6 of the Dungeon.
You visited 1 branch of the dungeon, and saw 6 of its levels.

You collected 334 gold pieces.

Inventory:

Hand Weapons
 p - the +5 falchion "Itusaf" (weapon) {vorpal, rElec Will++ Str+3 Dex+3}
   (You found it on level 4 of the Dungeon)

   It inflicts extra damage upon your enemies.
   Str:       It affects your strength (+3).
   Dex:       It affects your dexterity (+3).
   rElec:     It insulates you from electricity.
   Will:      It greatly increases your willpower.
Missiles
 c - 211 stones
Armour
 k - a +0 robe of fire resistance (worn)
Jewellery
 a - a ring of resist corrosion (left claw)
 g - a ring of protection from cold (right claw)
Wands
 b - a wand of iceblast (10)
Scrolls
 i - 3 scrolls of teleportation {unknown}
 j - a scroll of vulnerability {unknown}
 l - a scroll of enchant weapon {unknown}
 m - 2 scrolls of blinking {unknown}
 o - a scroll of fear {unknown}
Potions
 d - 2 potions of heal wounds
 e - a potion of haste
 n - a potion of lignification
 q - a potion of flight {unknown}


   Skills:
 + Level 3.9 Dodging
 - Level 1.0 Stealth
 + Level 3.0 Spellcasting
 + Level 3.1 Transmutations
 + Level 4.8 Earth Magic


You had 6 spell levels left.
You knew the following spells:

 Your Spells              Type           Power      Damage    Failure   Level
a - Sandblast             Erth           28%        2d8       3%          1
b - Passwall              Tmut/Erth      10%        N/A       7%          2
c - Stone Arrow           Conj/Erth      16%        3d8       26%         3

Your spell library contained the following spells:

 Spells                   Type           Power      Damage    Failure   Level
 Foxfire                  Conj/Fire      4%         2x1d4     22%         1
 Petrify                  Tmut/Erth      12%        N/A       41%         4
 Conjure Flame            Conj/Fire      1%         6-21      56%         3
 Inner Flame              Hex/Fire       1%         N/A       56%         3
 Flame Wave               Conj/Fire      1%         2d4       92%         4


Dungeon Overview and Level Annotations

Branches:
Dungeon (6/15)
 Temple: D:4-7

Altars:
Ashenzari
Dithmenos
Elyvilon
Hepliaklqana
Okawaru
Uskayaw
Wu Jian
Yredelemnul


Innate Abilities, Weirdness & Mutations

You are too large for most types of armour.
You have claws for hands.
Your natural rate of healing is unusually fast.
You are covered in fur. (AC +1)
You have tough skin. (AC +1)
You tend to lose your temper in combat.
You are occasionally teleported next to monsters.


Message History

You start resting.
Something hits you but does no damage. Something hits you but does no damage.
Things that are here:
a +4 short sword; a +0 leather armour Something hits you.
You hit something. Something hits you but does no damage.
You barely miss something. Something hits you but does no damage.
You miss something. Something hits you. x2
You slash something!
Reactivating autopickup.
You feel a bit more experienced.
Things that are here:
a +0 dagger; a +0 robe You start resting.
HP restored.
There is a stone staircase leading down here.
You climb downwards.
The orc warrior throws a boomerang.
The boomerang misses you.
There is a stone staircase leading up here.
You can't see any susceptible monsters within range! (Use Z to cast anyway.)
The blast of sand hits the orc warrior but does no damage.
The orc warrior throws a boomerang.
The boomerang hits you!
The blast of sand hits the orc warrior but does no damage.
The blast of sand hits the orc warrior but does no damage.
The orc warrior misses you.
You hit the orc warrior.
The orc warrior is lightly wounded.
The orc warrior hits you with a +0 short sword!
You hit the orc warrior.
The orc warrior is moderately wounded.
The orc warrior hits you with a +0 short sword! x2
* * * LOW HITPOINT WARNING * * *
You are too injured to fight recklessly!
You are too injured to fight recklessly!
You are too injured to fight recklessly!
You are too injured to fight recklessly!
You closely miss the orc warrior.
The orc warrior is moderately wounded.
The orc warrior hits you with a +0 short sword!
You die...

.. #.# ##### #.#
....# #.# .....#
# #.###.###.....#
................
#.###..o.......
#.#.....@##.....#
#>.....<.........
#.#....#.########
#....+...
##..(#.###
#####.# #.# #.#
.#


You could see an orc warrior.

Vanquished Creatures
  Sigmund (D:3)
  2 ogres
  2 scorpions (D:4)
  A bullfrog (D:4)
  3 hounds (D:4)
  A gnoll shaman (D:4)
  Jessica (D:2)
  2 iguanas (D:5)
  An orc wizard (D:5)
  3 adders
  2 white imps
  An adder skeleton (D:4)
  2 worms
  3 dart slugs
  5 orcs
  11 ball pythons
  5 bats
  7 endoplasms
  2 giant cockroaches
  8 goblins
  8 hobgoblins
  6 jackals
  5 kobolds
  2 quokkas
  3 frilled lizards (D:2)
  6 rats
93 creatures vanquished.

Vanquished Creatures (others)
  2 fungi (D:6)
2 creatures vanquished.

Grand Total: 95 creatures vanquished

Notes
Turn   | Place    | Note
-------+----------+-------------------------------------------
     0 | D:1      | siradein the Troll Earth Elementalist began the quest for
                  | the Orb.
     0 | D:1      | Reached XP level 1. HP: 16/16 MP: 1/1
   297 | D:1      | Found a faded altar of an unknown god.
   307 | D:1      | Reached XP level 2. HP: 24/24 MP: 3/3
   414 | D:1      | Reached skill level 1 in Transmutations
   845 | D:2      | Reached skill level 3 in Earth Magic
   951 | D:2      | Reached XP level 3. HP: 31/31 MP: 4/4
   973 | D:2      | Noticed Jessica
   989 | D:2      | Killed Jessica
   993 | D:2      | Learned a level 2 spell: Passwall
  1105 | D:2      | Reached XP level 4. HP: 28/39 MP: 5/5
  1580 | D:3      | Noticed Sigmund
  1595 | D:3      | Killed Sigmund
  1596 | D:3      | Reached XP level 5. HP: 34/45 MP: 0/7
  1781 | D:3      | Found a white marble altar of Elyvilon.
  1876 | D:3      | Found a basalt altar of Yredelemnul.
  2023 | D:3      | Reached XP level 6. HP: 47/53 MP: 8/8
  2035 | D:3      | Found a shadowy altar of Dithmenos.
  2278 | D:3      | Found an ornate altar of the Wu Jian Council.
  2546 | D:4      | Found a hazy altar of Hepliaklqana.
  2658 | D:4      | Learned a level 3 spell: Stone Arrow
  2752 | D:4      | Reached skill level 4 in Earth Magic
  2901 | D:4      | Found an iron altar of Okawaru.
  2911 | D:4      | Identified the +5 falchion "Itusaf" {vorpal, rElec Will++
                  | Str+3 Dex+3}
  3072 | D:4      | Reached XP level 7. HP: 47/59 MP: 9/9
  3340 | D:4      | Found a broken altar of Ashenzari.
  3349 | D:4      | Gained mutation: You are occasionally teleported next to
                  | monsters. [potion of mutation]
  3349 | D:4      | Gained mutation: You tend to lose your temper in combat.
                  | [potion of mutation]
  3406 | D:5      | Entered Level 5 of the Dungeon
  3803 | D:5      | Found a hide-covered altar of Uskayaw.
  4269 | D:6      | Slain by an orc warrior

Illustrated notes

Levels and vault maps discovered:
D:1:      kennysheep_arrival_forest, layout_loops_corners,
          chequers_ecumenical_altar_simple
D:2:      layout_loops_ring, minmay_circle_x, uniq_jessica
D:3:      layout_basic, nzn_wu_jian_contemplation, mainiacjoe_overflow_24_doors,
          grunt_dithmenos_smoke, nicolae_overflow_hidden_temple,
          minmay_misc_feat_alley, hex_medium, uniq_sigmund
D:4:      cheibrodos_barr_body, layout_basic, amcnicky_altar_gilded,
          kennysheep_little_box, okawaru_ov_weapons_minmay
D:5:      layout_basic, mainiacjoe_overflow_concentric_impassable,
          kennysheep_generic_room_6
D:6:      layout_basic, mainiacjoe_overflow_brackets, minmay_temple_entry_waves,
          serial_aquarium, aquarium_bridge_straight [aquarium_subvault_bridge,
          aquarium_subvault_wall, aquarium_subvault_bridge,
          aquarium_subvault_wall], aquarium_window_corridor_1,
          aquarium_window_fake, aquarium_view_2d, aquarium_view_2a,
          aquarium_pool_double

Skill      XL: |  1  2  3  4  5  6  7 |
---------------+----------------------+-----
Transmutations | 1 2 3 |  3.1
Earth Magic    | 3 4 |  4.8
Dodging        | 2 3 |  3.9
Spellcasting   | 2 3 |  3.0
Stealth        | |  1.0

Action                   |  1- 3 |  4- 6 |  7- 9 || total
-------------------------+-------+-------+-------++-------
Melee: Unarmed           |    73 |   131 |       ||   204
       Punch             |       |     2 |     1 ||     3
       Falchion          |       |    15 |    58 ||    73
 Cast: Sandblast         |     1 |     8 |    10 ||    19
  Use: Scroll            |       |       |     6 ||     6
       Potion            |       |       |     1 ||     1
 Stab: Sleeping          |     3 |       |       ||     3
Armor: Robe              |    21 |    35 |    22 ||    78
Dodge: Dodged            |    27 |    65 |    31 ||   123

Table legend: (Time is in decaauts)
 A = Elapsed time spent in this place.
 B = Non-inter-level travel time spent in this place.
 C = Inter-level travel time spent in this place.
 D = Time resting spent in this place.
 E = Time spent auto-exploring this place.
 F = Levels seen in this place.
 G = Mean time per level.
                   A        B        C        D        E       F      G
               +--------+--------+--------+--------+--------+-----+--------+
         Total |   4288 |   4111 |    177 |     21 |   3296 |   6 |  714.7 |
       Dungeon |   4288 |   4111 |    177 |     21 |   3296 |   6 |  714.7 |
               +--------+--------+--------+--------+--------+-----+--------+

Top non-repeatable levels by time:
     D:3: 1058 daAuts
     D:4: 920 daAuts
     D:5: 852 daAuts
     D:1: 824 daAuts
     D:2: 615 daAuts
     D:6: 17 daAuts
